Map: 뉴커크 재개발 지구 - 토너먼트 (공허의 유산)

Players

Stats

  • Race: Protoss Protoss
  • Spawn Location: 5:00

ByuL - Winner!

  • Race: Zerg Zerg
  • Spawn Location: 7:00

Event: IEM Season 11 - Gyeonggi

VOD

https://www.youtube.com/watch?v=fdrIyZwXCBs

Description

Time

  • Played on: Dec. 17, 2016, 1 a.m.
  • Length: 14:25

All games in this series

Show
View Real Time Build Order
Export as new Build Order

Stats Protoss 

Build Orders: Nexus First, Zealot Archon, Dark Templar Rush 

Get SALT Encoding   

  12  0:00  Probe (Chrono Boost)  
  13  0:11  Probe (Chrono Boost)  
  14  0:18  Pylon  
  14  0:23  Probe (Chrono Boost)  
  15  0:36  Probe (Chrono Boost)  
  16  0:47  Probe (Chrono Boost)  
  17  0:59  Nexus  
  17  1:09  Gateway  
  17  1:12  Probe (Chrono Boost)  
  17  1:17  Assimilator  
  18  1:23  Probe (Chrono Boost)  
  18  1:25  Assimilator  
  19  1:34  Probe (Chrono Boost)  
  19  1:35  Pylon  
  20  1:44  Probe (Chrono Boost)  
  21  1:55  Probe (Chrono Boost)  
  21  1:56  Cybernetics Core  
  21  1:58  Zealot  
  24  2:05  Probe (Chrono Boost)  
  25  2:13  Probe (Chrono Boost)  
  26  2:16  Probe (Chrono Boost)  
  27  2:23  Probe (Chrono Boost)  
  27  2:27  Probe (Chrono Boost)  
  27  2:28  Stalker  
  29  2:32  Warp Gate  
  29  2:34  Probe (Chrono Boost)  
  32  2:39  Probe (Chrono Boost)  
  32  2:41  Twilight Council  
  33  2:44  Probe (Chrono Boost)  
  35  2:51  Probe (Chrono Boost)  
  35  2:57  Probe (Chrono Boost)  
  36  3:02  Probe (Chrono Boost)  
  37  3:06  Robotics Facility  
  37  3:10  Probe (Chrono Boost)  
  38  3:13  Probe (Chrono Boost)  
  39  3:20  Dark Shrine  
  39  3:21  Probe (Chrono Boost)  
  39  3:23  Probe (Chrono Boost)  
  41  3:31  Probe (Chrono Boost)  
  42  3:35  Gateway  
  42  3:36  Gateway  
  42  3:38  Gateway  
  42  3:44  Probe (Chrono Boost), Pylon  
  42  3:46  Probe (Chrono Boost)  
  44  3:48  Warp Prism  
  46  3:56  Assimilator  
  46  3:59  Assimilator  
  48  4:03  Probe (Chrono Boost)  
  48  4:04  Probe (Chrono Boost)  
  48  4:06  Pylon  
  48  4:13  Probe (Chrono Boost), Pylon  
  48  4:16  Probe (Chrono Boost)  
  50  4:26  Pylon  
  50  4:28  Probe (Chrono Boost)  
  53  4:37  Dark Templar x4  
  61  4:46  Probe (Chrono Boost)  
  61  4:47  Mothership Core (Chrono Boost)  
  61  4:52  Observer  
  62  4:56  Nexus  
  62  4:57  Pylon  
  63  5:06  Probe (Chrono Boost)  
  65  5:08  Probe (Chrono Boost)  
  65  5:09  Immortal  
  69  5:17  Probe (Chrono Boost)  
  69  5:20  Probe (Chrono Boost)  
  71  5:21  Archon  
  71  5:23  Archon  
  71  5:25  Forge  
  71  5:27  Probe (Chrono Boost), Pylon  
  72  5:32  Probe (Chrono Boost)  
  72  5:33  Charge  
  73  5:38  Probe (Chrono Boost)  
  75  5:43  Immortal  
  75  5:44  Probe (Chrono Boost)  
  75  5:49  Probe (Chrono Boost)  
  80  5:52  Sentry x2  
  80  5:53  Protoss Ground Weapons Level 1  
  80  5:54  Pylon  
  80  5:56  Probe (Chrono Boost)  
  85  6:09  Probe x2 (Chrono Boost)  
  87  6:11  Gateway  
  87  6:17  Gateway  
  87  6:21  Probe (Chrono Boost)  
  87  6:23  Probe (Chrono Boost)  
  87  6:24  Probe (Chrono Boost), Gateway  
  90  6:25  Gateway  
  90  6:26  Pylon  
  90  6:27  Immortal  
  94  6:40  Probe (Chrono Boost)  
  94  6:41  Phoenix  
  94  6:42  Probe x2 (Chrono Boost), Phoenix  
  94  6:44  Assimilator  
  94  6:45  Sentry x2, Assimilator  
  101  6:49  Zealot  
  101  6:50  Zealot  
  105  7:03  Probe (Chrono Boost)  
  105  7:05  Probe x2 (Chrono Boost)  
  108  7:11  Photon Cannon  
  108  7:14  Immortal  
  108  7:17  Dark Templar x2, Zealot x4  
  124  7:23  Pylon  
  124  7:24  Pylon  
  124  7:28  Templar Archives  
  124  7:29  Archon  
  124  7:32  Protoss Ground Weapons Level 2  
  124  7:37  Photon Cannon  
  124  7:40  Gateway  
  124  7:41  Gateway  
  124  7:47  Blink  
  124  7:58  Stalker x4  
  126  8:06  Stalker x4  
  125  8:24  Photon Cannon  
  125  8:25  Immortal  
  125  8:31  High Templar x2  
  133  8:35  Archon  
  133  8:36  Zealot x4  
  133  8:39  Pylon  
  141  8:41  Pylon  
  141  8:42  Pylon  
  141  8:47  Pylon  
  136  9:06  Immortal  
  136  9:11  High Templar x3  
  136  9:12  High Templar, Psionic Storm  
  148  9:19  Nexus  
  145  9:24  Probe x3 (Chrono Boost)  
  145  9:29  Pylon  
  145  9:30  Zealot x2  
  147  9:40  High Templar  
  147  9:41  High Templar  
  150  9:46  Pylon  
  150  9:47  Pylon  
  150  9:50  Archon  
  150  9:56  High Templar x2  
  150  9:57  Zealot  
  150  9:58  Zealot x3  
  162  10:00  Archon  
  118  10:15  Zealot x2  
  118  10:16  Zealot x2  
  118  10:19  Zealot x2  
  114  10:23  Zealot x2  
  114  10:30  High Templar x2  
  114  10:34  Archon  
  118  10:43  Probe x4 (Chrono Boost)  
  118  10:53  Probe (Chrono Boost)  
  118  10:55  Probe x2 (Chrono Boost)  
  118  10:56  Probe (Chrono Boost), High Templar x4  
  130  11:00  Zealot x4  
  130  11:01  Archon  
  130  11:02  Archon  
  138  11:11  High Templar x2  
  138  11:15  Archon  
  134  11:28  Probe (Chrono Boost)  
  134  11:29  Probe (Chrono Boost)  
  134  11:30  Zealot x5, Probe x2 (Chrono Boost)  
  130  11:46  High Templar x2  
  126  11:53  Zealot x5  
  134  11:54  Archon  
  130  12:05  Probe x3 (Chrono Boost)  
  130  12:06  Probe (Chrono Boost)  
  134  12:11  Photon Cannon, Warp Prism  
  134  12:20  Probe (Chrono Boost)  
  136  12:23  Zealot  
  136  12:29  Zealot  
  128  12:39  High Templar x2  
  128  12:40  High Templar x2  
  128  12:41  Zealot  
  128  12:42  Zealot  
  128  12:43  Archon x2  
  140  12:55  Zealot, High Templar x2  
  144  13:00  Archon  
  144  13:01  Zealot  
  144  13:17  Pylon  
  144  13:21  Pylon  
  144  13:23  Pylon  
  144  13:24  Pylon  
  144  13:33  Observer  
  144  13:37  Probe x3 (Chrono Boost)  
  144  13:38  Pylon x2  
  148  13:49  High Templar x2  
  148  13:50  Zealot  
  148  13:51  Observer  
Show
View Real Time Build Order
Export as new Build Order

ByuL Zerg - Winner!

Build Orders: Pool First, Lurkers, Muta Ling Bane 

Get SALT Encoding   

  12  0:00  Drone  
  13  0:07  Drone  
  14  0:18  Overlord  
  14  0:21  Extractor  
  14  0:24  Drone  
  15  0:37  Drone x2  
  17  0:44  Drone  
  17  0:48  Spawning Pool  
  17  1:09  Hatchery  
  16  1:12  Drone  
  16  1:15  Drone  
  18  1:18  Drone  
  19  1:26  Extractor  
  18  1:35  Queen, Zergling x2  
  18  1:39  Drone  
  22  1:51  Overlord  
  22  2:10  Drone  
  22  2:11  Queen  
  25  2:20  Hatchery  
  25  2:22  Drone  
  25  2:24  Drone  
  25  2:28  Drone  
  27  2:33  Drone  
  28  2:37  Drone  
  28  2:39  Metabolic Boost  
  30  2:44  Drone  
  30  2:47  Drone  
  30  2:50  Drone  
  32  2:52  Drone  
  32  2:53  Drone  
  34  2:59  Overlord  
  34  3:05  Queen  
  35  3:18  Drone  
  35  3:19  Drone x3  
  39  3:20  Drone x2  
  39  3:24  Drone  
  39  3:25  Drone  
  39  3:26  Overlord  
  43  3:33  Drone  
  43  3:34  Queen  
  44  3:35  Drone  
  44  3:37  Drone  
  48  3:43  Drone  
  48  3:46  Drone  
  48  3:47  Drone x3  
  53  3:50  Drone x2  
  55  3:56  Roach Warren  
  55  3:58  Extractor  
  55  4:00  Lair  
  53  4:03  Overlord  
  53  4:06  Drone  
  53  4:08  Extractor  
  53  4:10  Drone  
  53  4:11  Overlord  
  53  4:13  Spore Crawler  
  53  4:14  Drone  
  53  4:16  Drone x2  
  56  4:25  Spore Crawler  
  56  4:27  Drone  
  56  4:29  Spore Crawler  
  55  4:36  Roach x2  
  55  4:37  Roach x4  
  67  4:40  Roach x2  
  67  4:43  Roach  
  73  4:47  Overlord x2  
  73  4:51  Extractor  
  72  4:53  Overlord  
  72  4:58  Overseer  
  72  5:03  Glial Reconstitution  
  72  5:05  Drone  
  72  5:06  Drone x3  
  76  5:12  Drone x2  
  74  5:18  Drone  
  74  5:19  Drone x5  
  80  5:23  Drone x3  
  83  5:30  Overlord  
  83  5:34  Drone x2  
  83  5:35  Drone x2  
  87  5:46  Hatchery  
  86  5:53  Drone  
  86  5:54  Drone x2  
  86  5:55  Baneling Nest, Spire  
  86  5:56  Extractor  
  86  6:04  Drone x4  
  89  6:05  Drone x4  
  89  6:06  Drone  
  89  6:07  Drone x3, Extractor  
  97  6:12  Evolution Chamber  
  97  6:15  Drone x2  
  98  6:22  Overlord  
  98  6:23  Drone  
  98  6:25  Zergling x12  
  100  6:30  Overlord  
  100  6:32  Overlord  
  105  6:33  Hatchery  
  105  6:39  Drone  
  104  6:41  Overlord  
  104  6:45  Overlord x2  
  104  6:46  Overlord  
  104  6:50  Zergling x2  
  104  6:51  Zergling x4  
  104  6:52  Zergling x4  
  104  6:53  Ravager x2  
  104  6:54  Ravager  
  112  6:55  Zerg Melee Weapons Level 1  
  112  6:59  Roach x2, Zergling x2  
  112  7:00  Zergling x8  
  120  7:14  Mutalisk x3  
  120  7:15  Mutalisk x3  
  132  7:17  Mutalisk  
  132  7:21  Centrifical Hooks  
  132  7:22  Mutalisk x2  
  134  7:28  Zergling x2  
  139  7:35  Roach x2  
  139  7:36  Overlord  
  143  7:39  Drone x5  
  143  7:40  Drone x3  
  143  7:42  Baneling  
  143  7:43  Baneling x6  
  151  7:47  Zergling x2  
  151  7:48  Zergling x6  
  151  7:50  Evolution Chamber  
  153  8:01  Zergling x2  
  153  8:02  Drone x2, Zergling x10  
  160  8:06  Drone x3, Hydralisk Den  
  160  8:10  Overlord  
  162  8:19  Overlord  
  162  8:20  Overlord  
  162  8:21  Drone x2  
  162  8:22  Queen, Overlord  
  162  8:23  Overlord x2  
  162  8:24  Overlord  
  166  8:33  Overlord, Overseer  
  166  8:34  Zerg Missile Weapons Level 1  
  166  8:35  Extractor  
  166  8:39  Muscular Augments  
  165  8:44  Hydralisk x7  
  165  8:45  Hydralisk x2  
  183  8:48  Hydralisk x2  
  183  8:53  Hydralisk  
  183  8:54  Hydralisk x2, Hatchery, Zergling x2  
  183  8:55  Zergling x2  
  188  9:01  Hydralisk x3  
  188  9:02  Zergling x2  
  195  9:03  Zergling x4  
  195  9:07  Zerg Melee Weapons Level 2  
  195  9:09  Zergling x4  
  199  9:12  Zergling x2  
  199  9:15  Baneling  
  199  9:16  Baneling x10  
  198  9:27  Zergling x2  
  198  9:28  Zergling x6  
  200  9:36  Spore Crawler  
  200  9:37  Baneling, Infestation Pit  
  200  9:38  Baneling x13  
  198  9:48  Baneling x7  
  198  9:49  Zergling x8  
  200  9:55  Lurker Den  
  193  10:10  Hydralisk x3  
  193  10:11  Zergling x2  
  193  10:12  Zergling x34  
  181  10:17  Hydralisk  
  181  10:19  Hydralisk x2  
  181  10:20  Zergling x6  
  166  10:23  Zergling x2  
  166  10:24  Zergling x10  
  166  10:36  Drone x3, Extractor  
  166  10:38  Hive  
  166  10:42  Baneling  
  168  10:43  Baneling x2  
  168  10:46  Overseer  
  168  10:49  Zergling x4  
  170  10:50  Zergling x16  
  170  10:51  Baneling x7  
  170  10:52  Baneling x13  
  170  10:53  Baneling  
  175  11:00  Zergling x14  
  182  11:12  Zerg Missile Weapons Level 2  
  181  11:24  Zerg Ground Armor Level 1  
  158  11:28  Zergling x22  
  152  11:33  Hydralisk x3  
  152  11:34  Hydralisk x2  
  152  11:35  Zergling x6  
  152  11:36  Zergling x8  
  165  11:40  Baneling  
  165  11:41  Baneling x8  
  165  11:45  Zergling x2  
  165  11:46  Zergling x12  
  165  11:57  Zergling x8  
  165  11:58  Lurker x3  
  158  12:04  Spine Crawler  
  158  12:05  Lurker x2  
  158  12:07  Lurker x2  
  158  12:08  Overseer  
  159  12:10  Zergling x2  
  159  12:11  Zergling x6  
  159  12:13  Zergling x2  
  159  12:14  Zergling x6  
  167  12:18  Zergling x8  
  172  12:22  Zergling x2  
  172  12:28  Lurker  
  169  12:30  Zergling x6  
  169  12:32  Hydralisk x2  
  169  12:33  Hydralisk  
  170  12:38  Adrenal Glands  
  170  12:42  Zergling x6  
  170  12:43  Baneling  
  170  12:44  Baneling x7, Zergling x2  
  172  12:45  Zergling x8  
  172  12:48  Zergling x2  
  172  12:49  Zergling x8  
  182  12:53  Drone x2, Queen  
  182  12:54  Hatchery, Extractor  
  182  12:55  Spine Crawler  
  182  12:56  Spore Crawler  
  182  12:58  Zergling x4  
  183  13:01  Baneling x2  
  182  13:11  Zergling x2  
  182  13:12  Zergling x4  
  182  13:14  Drone  
  182  13:15  Drone  
  182  13:16  Baneling x2, Lurker x3  
  182  13:18  Zergling x8  
  189  13:34  Extractor  
  189  13:35  Zergling x22  
  189  13:37  Drone  
  200  13:41  Zergling x2  
  200  13:49  Baneling  
  199  14:01  Baneling x2  

Tags
 
Add a new tag
Caveats
  • Supply blocks, unpowered buildings, or Contaminate may cause inaccurate times.
  • Supply counts are checked every 10 seconds.